 Dungeon Crawl Stone Soup version 0.31.0-32-g396128a36d (webtiles) character file.

Game seed: 1686226808950810934

91 hawla the Conjurer (level 4, -1/25 HPs)
             Began as a Deep Elf Fire Elementalist on Mar 20, 2024.
             Succumbed to a scorpion's poison
             ... on level 2 of the Dungeon on Mar 21, 2024.
             The game lasted 00:04:10 (1425 turns).

hawla the Conjurer (Deep Elf Fire Elementalist)     Turns: 1425, Time: 00:04:10

Health: -1/25      AC:  2    Str:  3 (5)  XL:     4   Next: 33%
Magic:  2/10       EV: 12    Int: 19 (22) God:
Gold:   60         SH:  0    Dex: 14 (15) Spells: 8/9 levels left

rFire   . . .        (no weapon)
rCold   . . .        (no shield)
rNeg    . . .        a - +0 robe
rPois   .            (no helmet)
rElec   .            (no cloak)
rCorr   .            (no gloves)
SInv    .            (no boots)
Will    .....        (no amulet)
Stlth   ++           (no ring)
HPRegen 0.24/turn    (no ring)
MPRegen 0.12/turn

%: no passive effects
@: lethally poisoned (-1 -> -15)
A: no striking features
a: no special abilities


You were on level 2 of the Dungeon.
You visited 1 branch of the dungeon, and saw 2 of its levels.

You collected 60 gold pieces.

Inventory:

Armour
 a - a +0 robe (worn)
Scrolls
 c - a scroll of identify {unknown}
 d - a scroll of brand weapon {unknown}
 h - 2 scrolls of immolation {unknown}
Potions
 b - a potion of magic
 f - a potion of lignification {unknown}
 g - a potion of heal wounds {unknown}


   Skills:
 - Level 1.0 Fighting
 - Level 2.4 Dodging
 - Level 3.0 Stealth
 + Level 3.2 Spellcasting
 - Level 4.0 Conjurations
 - Level 3.2 Fire Magic


You had 8 spell levels left.
You knew the following spells:

 Your Spells              Type           Power      Damage    Failure   Level
a - Foxfire               Conj/Fire      64%        2x1d7     3%          1

Your spell library contained the following spells:

 Spells                   Type           Power      Damage    Failure   Level
 Scorch                   Fire           30%        2d6       6%          2
 Inner Flame              Hex/Fire       9%         N/A       22%         3
 Volatile Blastmotes      Fire/Tloc      18%        2d11      22%         3
 Flame Wave               Conj/Fire      16%        2d7       32%         4


Dungeon Overview and Level Annotations

Branches:
Dungeon (2/15)

Altars:


Message History

The scorpion is heavily wounded.
The foxfire hits the scorpion.
The scorpion is heavily wounded.
The scorpion barely misses you.
Casting: Foxfire (safe; 3% risk of failure)
Confirm with . or Enter, or press ? or * to list all spells.
You conjure some foxfire!
You feel sick.
The foxfire hits the scorpion.
The scorpion is severely wounded.
The foxfire hits the scorpion.
The scorpion is severely wounded.
The scorpion closely misses you.
Casting: Foxfire (safe; 3% risk of failure)
Confirm with . or Enter, or press ? or * to list all spells.
You conjure some foxfire!
You feel sick.
The foxfire hits the scorpion but does no damage.
The scorpion is severely wounded.
The foxfire hits the scorpion.
The scorpion is almost dead.
The scorpion stings you.
* * * LOW HITPOINT WARNING * * *
You are lethally poisoned!
The scorpion poisons you!
Casting: Foxfire (safe; 3% risk of failure)
Confirm with . or Enter, or press ? or * to list all spells.
You conjure some foxfire!
* * * LOW HITPOINT WARNING * * *
You feel very sick.
The foxfire hits the scorpion.
The scorpion is almost dead.
The scorpion barely misses you.
The foxfire hits the scorpion.
You kill the scorpion!
Training target 4.0 for Conjurations reached!
Your Conjurations skill gained 2 levels and is now at level 4!
You need to enable at least one skill for training.
You have reached level 4!
You feel clever.
It was a potion of degeneration.
There was something very wrong with that liquid.
You feel weakened.
You feel dopey.
You feel clumsy.
You die...

#.# ####.# #.#### ##.....##
###.# #.##.######.......##
##.#.#
#........#.........####....###
#..<.....+.........+..........
#.#...##.#.........####....###
#.##.## ##.......# ###.#.###
#.....# #.†v§.# #........
#.###.# #@v§# #.###.##. #.# .#
#####§## #.###.##. #.. ..
#......# # #...##. .##
#.###..# #.#.####.
#.####.###..#### #.#.####.
#..............# #........
####.........#.# ###.#####
#........##†#####.#
#.................#


There were no monsters in sight!

Vanquished Creatures
  A scorpion (D:2)
  An adder (D:2)
  A ribbon worm (D:2)
  2 endoplasms
  5 goblins (D:1)
  5 hobgoblins
  A bat (D:2)
  2 frilled lizards (D:1)
  2 kobolds
  3 rats (D:1)
23 creatures vanquished.

Vanquished Creatures (others)
  79 foxfires
79 creatures vanquished.

Grand Total: 102 creatures vanquished

Notes
Turn   | Place    | Note
-------+----------+-------------------------------------------
     0 | D:1      | hawla the Deep Elf Fire Elementalist began the quest for
                  | the Orb.
     0 | D:1      | Reached XP level 1. HP: 10/10 MP: 6/6
   147 | D:1      | Reached skill level 1 in Fighting
   190 | D:1      | You fall into a shaft and drop 1 floor!
   204 | D:2      | Reached XP level 2. HP: 16/16 MP: 2/8
   454 | D:1      | Reached skill level 2 in Conjurations
   957 | D:2      | Reached XP level 3. HP: 20/20 MP: 5/9
   988 | D:2      | Found a faded altar of an unknown god.
  1415 | D:2      | Noticed a scorpion
  1424 | D:2      | HP: 1/20 [poisoned by a scorpion]
  1424 | D:2      | Killed a scorpion
  1425 | D:2      | Reached skill level 4 in Conjurations
  1425 | D:2      | Reached XP level 4. HP: 2/25 MP: 2/10
  1425 | D:2      | Succumbed to a scorpion's poison

Illustrated notes

Levels and vault maps discovered:
D:1:      minmay_arrival_arboretum_small, layout_loops_ring
D:2:      layout_loops_corners, ebering_ecumenical_altar_abandoned,
          solitary_fountain

Skill      XL: |  1  2  3 |
---------------+----------+-----
Fighting       | 1 |  1.0
Stealth        | 3 |  3.0
Conjurations   | 2 4 |  4.0
Dodging        | |  2.4
Spellcasting   | |  3.2
Fire Magic     | |  3.2

Action                     |  1- 3 |  4- 6 || total
---------------------------+-------+-------++-------
  Melee: Unarmed           |     3 |       ||     3
   Cast: Foxfire           |    43 |       ||    43
    Use: Potion            |       |     1 ||     1
 Armour: Robe              |     6 |       ||     6
  Dodge: Dodged            |    14 |       ||    14
